 Dungeon Crawl Stone Soup version 0.22.0 (webtiles) character file.

93 CyclopB the Cutter (level 4, -1/30 HPs)
             Began as a Mummy Enchanter on Dec 31, 2018.
             Slain by a crimson imp (2 damage)
             ... summoned by Natasha
             ... on level 3 of the Dungeon.
             The game lasted 00:10:01 (3219 turns).

CyclopB the Cutter (Mummy Enchanter)                Turns: 3219, Time: 00:10:01

Health: -1/30      AC:  3    Str: 12    XL:     4   Next: 37%
Magic:  8/8        EV: 12    Int: 14    God:
Gold:   103        SH:  0    Dex: 12    Spells: 4/8 levels left

rFire    x . .     SeeInvis .   b - +1 dagger (venom)
rCold    + . .     Gourm    .   (no shield)
rNeg     + + +     Faith    .   e - +0 leather armour
rPois    ∞         Spirit   .   (no helmet)
rElec    .         Reflect  .   (no cloak)
rCorr    .         Harm     .   (no gloves)
MR       .....                  (no boots)
Stlth    ++........             (no amulet)
HPRegen  0.10/turn              (no ring)
MPRegen  0.11/turn              (no ring)

@: no status effects
A: no food or potions, fire vulnerability, cold resistance 1, negative energy
resistance 3, torment resistance, unbreathing
a: no special abilities


You were on level 3 of the Dungeon.
You were not hungry.

You visited 1 branch of the dungeon, and saw 4 of its levels.
You also visited: Ossuary.

You collected 103 gold pieces.

Inventory:

Hand Weapons
 b - a +1 dagger of venom (weapon)
 k - a cursed +0 broad axe
 m - a +0 hunting sling
 o - a +4 dagger
Missiles
 a - 32 stones (quivered)
 j - 51 arrows
 n - 30 bolts
Armour
 e - a +0 leather armour (worn)
Scrolls
 c - 2 scrolls of identify
 d - a scroll of random uselessness {unknown}
 f - a scroll of amnesia {unknown}
 g - a scroll of remove curse
 h - a scroll of fog {unknown}
 i - a scroll of fear {unknown}


   Skills:
 * Level 2.7 Short Blades
 + Level 2.6 Dodging
 - Level 2.4 Stealth
 - Level 2.6 Spellcasting
 - Level 2.6 Hexes


You had 4 spell levels left.
You knew the following spells:

 Your Spells              Type           Power        Failure   Level  Hunger
a - Corona                Hex            #......      10%         1    N/A
b - Confuse               Hex            #.......     28%         3    N/A

Your spell library contained the following spells:

 Spells                   Type           Power        Failure   Level  Hunger
 Tukima's Dance           Hex            #.......     28%         3    N/A
 Ensorcelled Hibernation  Hex/Ice        #.....       24%         2    N/A
 Dazzling Spray           Conj/Hex       #.....       43%         3    N/A

Dungeon Overview and Level Annotations

Branches:
Dungeon (4/15)
 Temple: D:4-7

Altars:
Fedhas

Annotations:
D:3 Natasha


Innate Abilities, Weirdness & Mutations

You do not eat or drink.
Your flesh is vulnerable to fire.
You are immune to poison.
Your flesh is cold resistant. (rC+)
You are immune to negative energy. (rN+++)
You are immune to unholy pain and torment.
You can survive without breathing.


Message History

The floor.
Sorry, you're not good enough to have a special ability.
Wield which item (- for none, * to show all)? (? for menu, Esc to quit)
Your +1 dagger of venom begins to drip with poison!
b - a +1 dagger of venom (weapon)
Natasha mumbles some strange words.
You barely miss Natasha. You hit Natasha but do no damage.
Natasha is poisoned.
Natasha claws you!
You hit Natasha but do no damage.
Natasha looks as sick as possible!
Natasha claws you.
You closely miss Natasha.
Natasha is lightly wounded.
The crimson imp hits you but does no damage.
Natasha claws you!
* * * LOW HITPOINT WARNING * * *
The orc shouts!
You hit Natasha.
Natasha is lightly wounded.
The crimson imp hits you.
You die...

#.#.# #......
####(o.######...
##...........#...
##...).........#..
#....(............
#...(.............
#>................
#.h...............
#@5.............##
##.............##
##.....#.....##
#############


You could see Natasha, a crimson imp and an orc.

Vanquished Creatures
  A mummy (Ossuary)
  3 adders (D:2)
  An ooze (D:2)
  A worm (D:2)
  2 dart slugs
  3 leopard geckos
  An orc (D:2)
  6 bats
  A giant cockroach (D:2)
  5 goblins
  A hobgoblin (D:2)
  4 jackals (D:1)
  4 kobolds
  3 frilled lizards
  6 rats
42 creatures vanquished.

Notes
Turn   | Place    | Note
-------+----------+-------------------------------------------
     0 | D:1      | CyclopB the Mummy Enchanter began the quest for the Orb.
     0 | D:1      | Reached XP level 1. HP: 13/13 MP: 4/4
    67 | D:1      | Reached skill level 1 in Short Blades
   256 | D:1      | Reached XP level 2. HP: 17/19 MP: 5/5
  1805 | D:2      | Reached XP level 3. HP: 21/24 MP: 7/7
  2041 | D:2      | Found a blossoming altar of Fedhas.
  2555 | D:3      | Noticed Natasha
  2637 | D:2      | Reached XP level 4. HP: 21/30 MP: 8/8
  3053 | D:4      | Found a sand-covered staircase.
  3059 | D:4      | Noticed an ogre
  3067 | Ossuary  | Entered an ossuary
  3197 | D:3      | Learned a level 3 spell: Confuse
  3218 | D:3      | HP: 1/30 [Natasha (9)]
  3219 | D:3      | Slain by a crimson imp

Skill      XL: |  1  2 |
---------------+-------+-----
Short Blades   | 1 2 |  2.7
Dodging        | 2 |  2.6
Stealth        | |  2.4
Spellcasting   | |  2.6
Hexes          | |  2.6

Action                   |  1- 3 |  4- 6 || total
-------------------------+-------+-------++-------
Melee: Dagger            |   144 |    26 ||   170
 Fire: Hunting sling     |       |     4 ||     4
Throw: Stone             |    16 |     4 ||    20
       Tomahawk          |       |     5 ||     5
  Use: Scroll            |     1 |       ||     1
 Stab: Sleeping          |     2 |       ||     2
Armor: Robe              |    26 |       ||    26
       Leather armour    |    13 |     6 ||    19
Dodge: Dodged            |    90 |     8 ||    98
